 Dungeon Crawl Stone Soup version 0.28.0-1-gb440e238dd (webtiles) character file.

Game seed: 387344650031267295

81 hawla the Conjurer (level 4, -1/24 HPs)
             Began as a Deep Elf Conjurer on Feb 26, 2022.
             Was an Initiate of Vehumet.
             Slain by an orc (3 damage)
             ... on level 3 of the Dungeon.
             The game lasted 00:05:31 (3404 turns).

hawla the Conjurer (Deep Elf Conjurer)              Turns: 3404, Time: 00:05:32

Health: -1/24      AC:  2    Str:  6    XL:     4   Next: 19%
Magic:  3/11       EV: 12    Int: 23    God:    Vehumet [......]
Gold:   94         SH:  0    Dex: 13    Spells: 3/10 levels left

rFire   . . .      SeeInvis .   k - +3 short sword (vamp)
rCold   . . .      Faith    .   (no shield)
rNeg    . . .      Spirit   .   a - +0 robe
rPois   .          Reflect  .   (no helmet)
rElec   .          Harm     .   (no cloak)
rCorr   .          Rampage  .   (no gloves)
Will    .....                   (no boots)
Stlth   ++........              (no amulet)
HPRegen 0.08/turn               (no ring)
MPRegen 0.12/turn               (no ring)

@: invisible
A: no striking features
a: Renounce Religion


You were on level 3 of the Dungeon.
You worshipped Vehumet.
Vehumet was noncommittal.
You visited 1 branch of the dungeon, and saw 3 of its levels.

You collected 94 gold pieces.

Inventory:

Hand Weapons
 k - a +3 vampiric short sword (weapon)
Missiles
 f - 10 poisoned darts
 j - 5 curare-tipped darts
Armour
 a - a +0 robe (worn)
Wands
 h - a wand of paralysis (12)
Scrolls
 g - a scroll of blinking {unknown}
 i - a scroll of immolation {unknown}
 l - a scroll of vulnerability {unknown}
 m - a scroll of fear {unknown}
 n - a scroll of enchant weapon
Potions
 b - 2 potions of haste {unknown}
 c - a potion of brilliance
 e - a potion of magic {unknown}


   Skills:
 + Level 0.5 Short Blades
 + Level 2.8 Dodging
 + Level 2.8 Stealth
 + Level 3.7 Spellcasting
 + Level 5.5 Conjurations


You had 3 spell levels left.
You knew the following spells:

 Your Spells              Type           Power      Damage    Failure   Level
a - Magic Dart            Conj           100%       1d8       1%          1
b - Searing Ray           Conj           60%        2d6       1%          2
c - Iskenderun's Mystic   Conj/Tloc      17%        2d5       34%         4

Your spell library contained the following spells:

 Spells                   Type           Power      Damage    Failure   Level
 Dazzling Flash           Conj/Hex       34%        N/A       11%         3
 Fulminant Prism          Conj/Hex       8%         3d7       34%         4


Dungeon Overview and Level Annotations

Branches:
Dungeon (3/15)

Altars:
Vehumet


Message History

Confirm with . or Enter, or press ? or * to list all spells.
Aiming: Searing Ray (safe; 1% risk of failure)
Press: ? - help, Shift-Dir - straight line, f - orc
Aim: an orc, wielding a +0 club and wearing a +4 scale mail (82% to hit)
The searing ray misses the orc. (Press . to maintain the ray.)
The orc hits you with a +0 club.
The searing ray hits the orc.
The orc is moderately wounded.
The orc hits you with a +0 club.
The searing ray hits the orc but does no damage.
The orc is moderately wounded.
The orc hits you with a +0 club.
Casting: Searing Ray (safe; 1% risk of failure)
Confirm with . or Enter, or press ? or * to list all spells.
The spell is potentially lethal to miscast (34% risk of failure)!
Continue anyway?
Okay, then.
Casting: Iskenderun's Mystic Blast (potentially lethal; 34% risk of failure)
Confirm with . or Enter, or press ? or * to list all spells.
Restarting spell: Searing Ray (safe; 1% risk of failure)
Press: ? - help, Shift-Dir - straight line, f/p - orc
Aim: an orc, wielding a +0 club and wearing a +4 scale mail (moderately wounded, 82% to hit)
The searing ray hits the orc but does no damage.
The orc is moderately wounded. (Press . to maintain the ray.)
The orc hits you with a +0 club.
* * * LOW HITPOINT WARNING * * *
You fade into invisibility!
The orc misses you. The orc closely misses you.
The orc hits you with a +0 club.
* * * LOW HITPOINT WARNING * * *
Casting: Searing Ray (safe; 1% risk of failure)
Confirm with . or Enter, or press ? or * to list all spells.
The spell is potentially lethal to miscast (34% risk of failure)!
Continue anyway?
You erupt in a blast of force!
The mystic blast hits the orc but does no damage.
The orc is lightly wounded.
The orc hits you with a +0 club.
You die...

.#.#.# #.##.#.# ###############
.#.#.# #.##.#.#.#.............#
.#<..# #.##.#.#......†........#
.#...# #.##.#.####.≈≈≈≈≈≈≈≈≈..#
.#...# #.##.#.# #..≈..........#
.#...###.##.#.###..≈.#.###.≈..#
.....##.....)......≈.#...#.≈.##
.#################.≈.#._.#.≈.#
.. .........o@..≈.#...#.≈.# .#
######..####.≈.###.#.≈.## .#
#.........≈.......≈(.# .#
#.#..####.≈≈≈≈≈≈≈≈≈..# .#
#.#..# #............# . # #..#
############.# #.#..# #.#
#.#..# ##.#
###.#..##############..#


You could see an orc.

Vanquished Creatures
  2 adders
  A dart slug (D:3)
  An orc (D:2)
  8 bats
  8 endoplasms
  A giant cockroach (D:3)
  4 goblins
  5 hobgoblins
  9 kobolds
  8 ball pythons
  A frilled lizard (D:2)
  6 rats
54 creatures vanquished.

Notes
Turn   | Place    | Note
-------+----------+-------------------------------------------
     0 | D:1      | hawla the Deep Elf Conjurer began the quest for the Orb.
     0 | D:1      | Reached XP level 1. HP: 10/10 MP: 6/6
   376 | D:1      | Reached XP level 2. HP: 13/15 MP: 4/8
   379 | D:1      | Learned a level 2 spell: Searing Ray
   769 | D:1      | Reached skill level 5 in Conjurations
  1083 | D:2      | Reached XP level 3. HP: 19/19 MP: 5/9
  2699 | D:3      | Reached XP level 4. HP: 24/24 MP: 11/11
  2704 | D:3      | Learned a level 4 spell: Iskenderun's Mystic Blast
  3190 | D:3      | Found a radiant altar of Vehumet.
  3231 | D:3      | Became a worshipper of Vehumet
  3404 | D:3      | Slain by an orc

Illustrated notes

Levels and vault maps discovered:
D:1:      amcnicky_arrival_wind_blow, layout_basic, minmay_misc_feat_ornament
D:2:      layout_basic, nrook_loot_triangle
D:3:      layout_basic, mainiacjoe_overflow_brackets,
          mainiacjoe_overflow_big_doors

Skill      XL: |  1  2 |
---------------+-------+-----
Conjurations   | 5 |  5.5
Short Blades   | |  0.5
Dodging        | |  2.8
Stealth        | |  2.8
Spellcasting   | |  3.7

Action                   |  1- 3 |  4- 6 || total
-------------------------+-------+-------++-------
Melee: Short sword       |    54 |    10 ||    64
 Cast: Magic Dart        |    18 |     1 ||    19
       Searing Ray       |    20 |     8 ||    28
       Iskenderun's Myst |       |     2 ||     2
  Use: Scroll            |     4 |       ||     4
       Potion            |       |     1 ||     1
 Stab: Sleeping          |     4 |       ||     4
Armor: Robe              |    10 |     1 ||    11
Dodge: Dodged            |    31 |     5 ||    36
